 Dungeon Crawl Stone Soup version 0.27.0-1-g7a089689b8 (webtiles) character file.

Game seed: 5577145118873546435

161 spiderkeys the Sneak (level 5, -5/24 HPs)
             Began as a Vine Stalker Enchanter on Aug 5, 2021.
             Killed from afar by Ijyb (12 damage)
             ... with a bolt of acid
             ... on level 3 of the Dungeon.
             The game lasted 00:04:42 (3080 turns).

spiderkeys the Sneak (Vine Stalker Enchanter)       Turns: 3080, Time: 00:04:42

Health: -5/24      AC:  4    Str: 11    XL:     5   Next: 42%
Magic:  0/10       EV: 12    Int: 15    God:
Gold:   79         SH:  0    Dex: 15    Spells: 7/10 levels left

rFire    . . .     SeeInvis .   a - +1 dagger
rCold    . . .     Faith    .   (no shield)
rNeg     . . .     Spirit   +   b - +0 robe
rPois    .         Reflect  .   l - +2 hat
rElec    .         Harm     .   (no cloak)
rCorr    .         Rampage  .   (no gloves)
Will     .....                  (no boots)
Stlth    +++.......             n - amulet of magic regeneration
HPRegen  1.08/turn              (no ring)
MPRegen  0.37/turn              (no ring)

@: attractive, flying, very slightly contaminated, invisible
A: fangs 2, regeneration 1, magic shield, antimagic bite, no potion heal 2
a: no special abilities


You were on level 3 of the Dungeon.
You visited 1 branch of the dungeon, and saw 3 of its levels.

You collected 79 gold pieces.


Innate Abilities, Weirdness & Mutations

You have extremely sharp teeth.
Your natural rate of healing is unusually fast.
When hurt, damage is shared between your health and your magic reserves.
Your bite disrupts and absorbs the magic of your enemies.
Potions cannot restore your health.


   Skills:
 + Level 0.1 Fighting
 + Level 2.1 Short Blades
 + Level 2.3 Dodging
 + Level 4.7 Stealth
 + Level 3.1 Spellcasting
 + Level 3.7 Hexes


You had 7 spell levels left.
You knew the following spells:

 Your Spells              Type           Power      Damage    Failure   Level
c - Corona                Hex            14%        N/A       4%          1
e - Ensorcelled Hibernat  Hex/Ice        14%        N/A       14%         2

Your spell library contained the following spells:

 Spells                   Type           Power      Damage    Failure   Level
 Confusing Touch          Hex            13%        N/A       13%         3
 Tukima's Dance           Hex            13%        N/A       13%         3
 Dazzling Flash           Conj/Hex       14%        N/A       28%         3
 Ignite Poison            Fire/Tmut/Pois 2%         N/A       52%         3
 Mephitic Cloud           Conj/Pois/Air  2%         N/A       52%         3
 Bolt of Magma            Conj/Fire/Erth 1%         4d4       99%         5

Inventory:

Hand Weapons
 a - a +1 dagger (weapon)
Missiles
 d - 12 sling bullets
 e - 83 stones
 h - 27 poisoned darts
 i - 3 javelins
Armour
 b - a +0 robe (worn)
 l - a +2 hat (worn)
   (You found it on level 2 of the Dungeon)
Jewellery
 n - an amulet of magic regeneration (around neck)
   (You found it on level 2 of the Dungeon)
Potions
 c - 3 potions of curing {@q1}
 o - a potion of mutation {unknown}

Dungeon Overview and Level Annotations

Branches:
Dungeon (3/15)

Altars:
Cheibriados
Elyvilon

Annotations:
D:3 Ijyb, Sigmund

#......# #......#
#......#
###....^.#
#.......g#
#....$...#
#....##.##
#..g.##.#
#.@..##.#
#######.# #.#####
#####.....#
#.......#.#
#.......#.####
#............##
#.......#[....#
####..<..........#


You could see Ijyb.


Message History

😎 MP[+1]
Your mp is fully restored (10).
You closely miss Ijyb. You bite Ijyb, but do no damage.
Ijyb hits you with a +0 club. 😕 HP[-4] MP[-1]
You take 4 damage, and now have 20/24 hp.
You lost 1 mp, and now have 9/10 mp.
You hit Ijyb. 😕 HP[+1]
You hit Ijyb. Your bite misses Ijyb. Ijyb hits you but does no damage.
You hit Ijyb but do no damage. You bite Ijyb, but do no damage.
Ijyb hits you with a +0 club. 😕 HP[-1]
You take 1 damage, and now have 20/24 hp.
You hit Ijyb but do no damage. Ijyb closely misses you. 😕 HP[+1]
You barely miss Ijyb. You bite Ijyb, but do no damage.
Ijyb completely misses you. 😕 HP[+1]
You closely miss Ijyb.
Ijyb zaps a wand.
The bolt of acid hits you!
* * * LOW HITPOINT WARNING * * *
You are splashed with acid!
* * * LOW HITPOINT WARNING * * *
😱 HP[-19] MP[-8]
You take 19 damage, and now have 3/24 hp.
MASSIVE DAMAGE!! (PAUSE)
You lost 8 mp, and now have 1/10 mp.
As you read the scroll labelled BUDITWAULLA, it crumbles to dust.
It is a scroll of identify.
c - 3 potions of curing Ijyb closely misses you. 😱 HP[+1] Sorry, you're not good enough to have a special ability.
Okay, then.
Casting: Ensorcelled Hibernation (safe; 14% risk of failure)
Confirm with . or Enter, or press ? or * to list all spells.
You don't have enough magic to cast this spell.
Press: ? - help, v - describe, . - travel A dispersal trap.
Really stalk into that dispersal trap?
You enter a dispersal trap!
Ijyb blinks! x3
You blink. 😱 HP[+1]
You aren't carrying any scrolls.
It was a potion of flight.
You feel very buoyant.
You fly up into the air. 😨 HP[+2] MP[+1]
You regained 2 hp, and now have 7/24 hp.
Okay, then.
It was a potion of ambrosia.
You are confused.
Your system rejects the healing.
You feel invigorated. 😨 HP[+1] MP[+5]
You regained 5 mp, and now have 7/10 mp.
It was a potion of attraction.
You feel attractive to monsters.
Ijyb is pulled toward you! 😨 HP[+1] MP[+3]
Your mp is fully restored (10).
It was a potion of invisibility.
You fade into invisibility!
Ijyb hits you with a +0 club.
* * * LOW HITPOINT WARNING * * *
You are very lightly contaminated with residual magic. 😨 HP[-1] MP[-1]
You take 1 damage, and now have 8/24 hp.
You lost 1 mp, and now have 9/10 mp.
You bump into the rock wall.
Ijyb hits you with a +0 club.
* * * LOW HITPOINT WARNING * * *
😨 HP[-1] MP[-1]
You take 1 damage, and now have 7/24 hp.
You lost 1 mp, and now have 8/10 mp.
You bump into the rock wall.
Ijyb screams, "You nasty!
Big nasty!"
Ijyb completely misses you. 😨 HP[+1] MP[+2]
Your mp is fully restored (10).
You bump into the rock wall.
You feel less invigorated.
You feel less confused. Ijyb screams, "I cut your head off!"
Ijyb hits you with a +0 club.
* * * LOW HITPOINT WARNING * * *
😨 MP[-1]
You lost 1 mp, and now have 9/10 mp.
You catch the helpless Ijyb completely off-guard!
You puncture Ijyb! You bite Ijyb. You drain her power.
You feel invigorated. Ijyb hits you with a +0 club.
* * * LOW HITPOINT WARNING * * *
😱 HP[-2] MP[-1]
You take 2 damage, and now have 6/24 hp.
You lost 1 mp, and now have 8/10 mp.
You barely miss Ijyb. Ijyb screams, "I dance on your bones!"
Ijyb zaps a wand.
The bolt of acid hits you!!
Ouch! That really hurt!
You die...

Skill      XL: |  1  2  3  4 |
---------------+-------------+-----
Short Blades   | 1 2 |  2.1
Stealth        | 4 |  4.7
Dodging        | 2 |  2.3
Spellcasting   | 3 |  3.1
Fighting       | |  0.1
Hexes          | |  3.7

Action                   |  1- 3 |  4- 6 || total
-------------------------+-------+-------++-------
Melee: Dagger            |    79 |    53 ||   132
       Bite              |    18 |    14 ||    32
 Cast: Ensorcelled Hiber |     3 |     7 ||    10
  Use: Scroll            |       |     4 ||     4
       Potion            |       |     4 ||     4
 Stab: Sleeping          |    12 |     6 ||    18
       Invisible         |       |     1 ||     1
Armor: Robe              |     7 |     3 ||    10
Dodge: Dodged            |    32 |    30 ||    62

Levels and vault maps discovered:
D:1:      evilmike_arrival_crescent, layout_loops_cross,
          serial_co_window_serial, co_window_paths_b, co_window_corner_a,
          co_window_paths_b, co_window_corner_a, co_window_corner_a,
          co_window_paths_a, co_window_paths_a, co_window_broadway_c,
          co_window_of_opportunity_b, co_window_corner_ca, co_window_2corner,
          co_window_paths_d, co_window_4corner_a, glass_columns_b,
          glass_columns_a, glass_columns_a, glass_columns_a,
          serial_bayou_pond_e, hangedman_abyss_or_decor_lesser_grid,
          nrook_campfire, minmay_misc_feat_columns, minmay_worlds_worst_comb
D:2:      layout_loops_ring, basic_altar, minmay_misc_feat_doors, uniq_natasha
D:3:      layout_basic, nicolae_overflow_crystal_walls, serial_shops,
          nicolae_shop_overgrown_old_shop, basic_ecumenical_altar, uniq_ijyb,
          uniq_sigmund

Notes
Turn   | Place    | Note
-------+----------+-------------------------------------------
     0 | D:1      | spiderkeys the Vine Stalker Enchanter began the quest for
                  | the Orb.
     0 | D:1      | Reached XP level 1. HP: 9/9 MP: 4/4
     0 | D:1      | magus.rc [v1.9.10]
    44 | D:1      | Reached skill level 1 in Short Blades
   224 | D:1      | Reached XP level 2. HP: 13/13 MP: 6/6
   312 | D:1      | Learned a level 2 spell: Ensorcelled Hibernation
  1008 | D:1      | Reached skill level 4 in Stealth
  1008 | D:1      | Reached XP level 3. HP: 11/16 MP: 5/7
  1892 | D:2      | Reached skill level 2 in Dodging
  2146 | D:2      | Gained mutation: Your natural rate of healing is unusually
                  | fast. [Vine Stalker growth]
  2146 | D:2      | Reached XP level 4. HP: 21/21 MP: 9/9
  2203 | D:2      | Noticed Natasha
  2232 | D:2      | Killed Natasha
  2240 | D:2      | Noticed Natasha
  2252 | D:2      | Killed Natasha
  2253 | D:2      | Reached skill level 2 in Short Blades
  2253 | D:2      | Reached skill level 3 in Spellcasting
  2253 | D:2      | Reached XP level 5. HP: 12/24 MP: 3/10
  2415 | D:2      | Found a white marble altar of Elyvilon.
  2454 | D:2      | You add the spells Ignite Poison, Mephitic Cloud and Bolt
                  | of Magma to your library.
  2584 | D:2      | Noticed Natasha
  2859 | D:2      | Killed Natasha
  2874 | D:3      | Found a snail-covered altar of Cheibriados.
  2878 | D:3      | Noticed Sigmund
  3057 | D:3      | Noticed Ijyb
  3069 | D:3      | HP: 3/24 [acid (9)]
  3079 | D:3      | HP: 6/24 [Ijyb (3)]
  3080 | D:3      | Killed from afar by Ijyb

Vanquished Creatures
  Natasha (thrice) (D:2)
  An adder (D:2)
  3 gnolls (D:2)
  3 dart slugs
  3 endoplasms
  5 giant cockroaches (D:1)
  3 goblins
  7 hobgoblins
  2 quokkas
  6 ball pythons (D:1)
  3 bats
  3 frilled lizards
  4 kobolds
46 creatures vanquished.

Table legend:
 A = Non-vault XP
 B = Vault XP
 C = Vault XP percentage of total XP
 D = Non-vault monster count
 E = Vault monster count
 F = Vault count percentage of total count
                 A         B        C        D         E       F
            +---------+---------+-------+---------+---------+-------
      Total |     188 |      43 |  18.6 |      41 |       5 |  10.9
            +---------+---------+-------+---------+---------+-------
        D:1 |      32 |       8 |  20.0 |      20 |       4 |  16.7
        D:2 |     152 |      35 |  18.7 |      19 |       1 |   5.0
        D:3 |       4 |       0 |   0.0 |       2 |       0 |   0.0
            +---------+---------+-------+---------+---------+-------

Illustrated notes

Table legend:
 A = Kills in this place as a percentage of kills in entire the game.
 B = Kills by you in this place as a percentage of kills by you in the entire game.
 C = Kills by friends in this place as a percentage of kills by friends in the entire game.
 D = Other kills in this place as a percentage of other kills in the entire game.
 E = Experience gained in this place as a percentage of experience gained in the entire game.
 F = Experience gained in this place divided by the number of levels of this place that you have seen.
                   A       B       C       D       E      F
               +-------+-------+-------+-------+-------+----------------------
         Total | 100.0 | 100.0 |   N/A |   N/A | 100.0 |  77.0
       Dungeon | 100.0 | 100.0 |   N/A |   N/A | 100.0 |  77.0
               +-------+-------+-------+-------+-------+----------------------

Table legend: (Time is in decaauts)
 A = Elapsed time spent in this place.
 B = Non-inter-level travel time spent in this place.
 C = Inter-level travel time spent in this place.
 D = Time resting spent in this place.
 E = Time spent auto-exploring this place.
 F = Levels seen in this place.
 G = Mean time per level.
                   A        B        C        D        E       F      G
               +--------+--------+--------+--------+--------+-----+--------+
         Total |   3072 |   2855 |    217 |    217 |   2229 |   3 | 1024.0 |
       Dungeon |   3072 |   2855 |    217 |    217 |   2229 |   3 | 1024.0 |
               +--------+--------+--------+--------+--------+-----+--------+

Top non-repeatable levels by time:
     D:1: 1791 daAuts
     D:2: 1177 daAuts
     D:3: 103 daAuts
